 Dungeon Crawl Stone Soup version 0.29.1-1-gd02db6906a (webtiles) character file.

Game seed: 2804292286412053406

200539 LustLizard the Wrestler (level 18, -4/175 (187) HPs)
             Began as a Troll Fighter on Sept 18, 2022.
             Was the Champion of Wu Jian.
             Slain by a wolf spider (5 damage)
             ... led by a jorogumo
             ... on level 1 of the Spider Nest.
             The game lasted 01:33:26 (35112 turns).

LustLizard the Wrestler (Troll Fighter)            Turns: 35112, Time: 01:33:27

HP:   -4/175 (187)  AC:  8    Str: 29    XL:     18   Next: 27%
MP:   19/19         EV: 12    Int: 10    God:    Wu Jian [******]
Gold: 1023          SH:  0    Dex: 15    Spells: 14/20 levels left

rFire   + . .      SeeInvis .     - Unarmed
rCold   + . .      Faith    .   b - +0 kite shield
rNeg    . . .      Spirit   .   C - +0 acid dragon scales
rPois   +          Reflect  +   (helmet restricted)
rElec   +          Harm     .   (no cloak)
rCorr   +          Rampage  .   (gloves unavailable)
Will    ++...                   (boots unavailable)
Stlth   +.........              V - amulet of reflection
HPRegen 1.19/turn               a - ring of willpower
MPRegen 0.16/turn               F - ring "Inwa" {rElec Dex+6}

@: lethally poisoned (-4 -> -14), resistant, in a heavenly storm, held, glowing,
studying Dodging, drained
A: large, unfitting armour, claws 3, regeneration 1, shaggy fur 1, tough skin 1
a: Renounce Religion, Wall Jump, Serpent's Lash, Heavenly Storm


You were on level 1 of the Spider Nest.
You worshipped Wu Jian.
Wu Jian was exalted by your worship.
You visited 6 branches of the dungeon, and saw 28 of its levels.
You also visited: Gauntlet and Volcano.

You collected 2425 gold pieces.
You spent 1402 gold pieces at shops.

Inventory:

Hand Weapons
 q - a +7 flail of venom
Missiles
 f - 8 throwing nets
 m - 15 poisoned darts (quivered)
 o - 37 boomerangs
 E - 20 javelins
 R - 9 atropa-tipped darts
 W - 7 silver javelins
Armour
 b - a +0 kite shield (worn)
 d - +0 fire dragon scales
 C - +0 acid dragon scales (worn)
Jewellery
 a - a ring of willpower (left claw)
 l - a ring of fire
 t - a ring of protection from cold
 F - the ring "Inwa" (right claw) {rElec Dex+6}
   (You found it on level 7 of the Dungeon)

   [ring of dexterity]

   Dex:       It affects your dexterity (+6).
   rElec:     It insulates you from electricity.
 I - a ring of ice
 P - a ring of poison resistance
 V - an amulet of reflection (around neck)
 Y - the ring of Olasen {+Blink rN++ MP+9 Int-5}
   (You acquired it on level 5 of the Lair of Beasts)

   [ring of magical power]

   Int:       It affects your intelligence (-5).
   rN:        It greatly protects you from negative energy.
   MP:        It affects your magic capacity (+9).
   +Blink:    It lets you blink.
Wands
 e - a wand of polymorph (3)
 r - a wand of light (17)
 y - a wand of digging (6)
 B - a wand of paralysis (24)
 D - a wand of mindburst (18)
 H - a wand of iceblast (10)
 U - a wand of flame (17)
Scrolls
 i - 11 scrolls of teleportation
 n - 4 scrolls of poison
 v - 2 scrolls of magic mapping
 w - 6 scrolls of butterflies
 A - 4 scrolls of enchant armour
 L - 3 scrolls of fear
 S - a scroll of silence
Potions
 c - 11 potions of might
 g - 3 potions of resistance
 k - 5 potions of flight
 p - 11 potions of curing
 s - 6 potions of cancellation
 u - 4 potions of invisibility
 z - 6 potions of haste
 G - a potion of berserk rage
 J - a potion of ambrosia
 M - 2 potions of attraction
 Q - a potion of magic
 X - 3 potions of mutation
 Z - a potion of lignification
Miscellaneous
 x - a condenser vane


   Skills:
 - Level 13.4 Fighting
 - Level 10.3 Dodging
 - Level 13.3 Shields
 - Level 21.3 Unarmed Combat
 + Level 1.9 Spellcasting
 + Level 2.3 Transmutations
 + Level 2.9 Earth Magic


You had 14 spell levels left.
You knew the following spells:

 Your Spells              Type           Power      Damage    Failure   Level
a - Statue Form           Tmut/Erth      4%         N/A       100%        6

Your spell library contained the following spells:

 Spells                   Type           Power      Damage    Failure   Level
 Beastly Appendage        Tmut           10%        N/A       24%         1
 Wereblood                Tmut           5%         N/A       36%         2
 Freeze                   Ice            0%         1d3       54%         1
 Magic Dart               Conj           0%         1d3       54%         1
 Shock                    Conj/Air       0%         1d3       54%         1
 Summon Small Mammal      Summ           0%         N/A       54%         1
 Scorch                   Fire           0%         2d5       67%         2
 Searing Ray              Conj           0%         2d4       67%         2
 Spider Form              Tmut/Pois      3%         N/A       75%         3
 Ignite Poison            Fire/Tmut/Pois 2%         N/A       80%         3
 Call Canine Familiar     Summ           0%         N/A       88%         3
 Confusing Touch          Hex            0%         N/A       88%         3
 Dazzling Flash           Conj/Hex       0%         N/A       88%         3
 Frozen Ramparts          Ice            0%         1d1       88%         3
 Inner Flame              Hex/Fire       0%         N/A       88%         3
 Mephitic Cloud           Conj/Pois/Air  0%         N/A       88%         3
 Summon Guardian Golem    Hex/Summ       0%         N/A       88%         3
 Swiftness                Air            0%         N/A       88%         3
 Tukima's Dance           Hex            0%         N/A       88%         3
 Airstrike                Air            0%         2d(0-16)  99%         4
 Cause Fear               Hex            0%         N/A       99%         4
 Flame Wave               Conj/Fire      0%         2d4       99%         4
 Fulminant Prism          Conj/Hex       0%         3d6       99%         4
 Hailstorm                Conj/Ice       0%         3d3       99%         4
 Iskenderun's Mystic Bla  Conj/Tloc      0%         2d3       99%         4
 Passage of Golubria      Tloc           0%         N/A       99%         4
 Fireball                 Conj/Fire      0%         3d3       100%        5
 Freezing Cloud           Conj/Ice/Air   0%         6-21      100%        5
 Metabolic Englaciation   Hex/Ice        0%         N/A       100%        5
 Yara's Violent Unravell  Hex/Tmut       1%         3d3       100%        5
 Starburst                Conj/Fire      0%         6d3       100%        6
 Summon Cactus Giant      Summ           0%         N/A       100%        6
 Enfeeble                 Hex            0%         N/A       100%        7
 Discord                  Hex            0%         N/A       100%        8
 Ignition                 Fire           0%         3d3       100%        8


Dungeon Overview and Level Annotations

Branches:
Dungeon (15/15)            Temple (1/1) D:7            Lair (5/5) D:11
 Shoals (4/4) Lair:2       Spider (1/4) Lair:2        Slime (0/5) Lair:5
    Orc (2/2) D:9             Elf (0/3) Orc:2        Vaults (0/5) D:14
 Depths (0/4) D:15        Volcano (visited)         Gauntlet (visited)

Altars:
Cheibriados
Dithmenos
Fedhas
Gozag
Hepliaklqana
Kikubaaqudgha
Makhleb
Okawaru
Qazlal
Ru
Sif Muna
Vehumet
Wu Jian
Xom
Yredelemnul
Zin
The Shining One
Jiyva

Shops:
D:4 =   D:11 !   D:13 (   D:15 (   Orc:2 ?!?!   Shoals:3 *

Annotations:
D:9 1 runed translucent door
D:10 exclusion: upstairs
Shoals:2 3 runed translucent doors, XxsatanxX's ghost, adept MiBe
Shoals:3 3 runed translucent doors, Ullipcorian's ghost, adept HOFi


Innate Abilities, Weirdness & Mutations

You are too large for most types of armour.
You have claws for hands.
Your natural rate of healing is unusually fast.
You are covered in fur. (AC +1)
You have tough skin. (AC +1)


Message History

You are poisoned.
The wolf spider poisons you! The jorogumo casts a spell at you.
The stream of webbing hits you but does no damage.
You are caught in a web!
The culicivora bites you!
The culicivora draws strength from your injuries!
You struggle to detach yourself from the web.
You feel very sick. The wolf spider barely misses you.
The wolf spider bites you! The culicivora bites you.
The culicivora draws strength from your injuries!
The jorogumo hits you.
You are more poisoned.
You feel yourself slow down.
You feel protected.
You feel yourself speed up.
You feel extremely sick.
The wolf spider barely misses you. x2; The culicivora bites you!
The culicivora draws strength from your injuries!
The jorogumo hits you!!
* * * LOW HITPOINT WARNING * * *
The wolf spider closely misses you. The wolf spider bites you!
* * * LOW HITPOINT WARNING * * *
The culicivora bites you.
* * * LOW HITPOINT WARNING * * *
The culicivora draws strength from your injuries!
The jorogumo hits you.
* * * LOW HITPOINT WARNING * * *
You feel yourself slow down.
The air is filled with shimmering golden clouds!
Sifu Ma Yunglu says: The storm will not cease as long as you keep fighting, disciple!
You feel yourself speed up.
* * * LOW HITPOINT WARNING * * *
You feel extremely sick.
You hear a faint skittering sound.
You hear a skittering sound.
You hear a faint skittering sound. x2
The wolf spider hits you!
* * * LOW HITPOINT WARNING * * *
The wolf spider barely misses you. The culicivora misses you.
The wolf spider closely misses you. The wolf spider bites you.
You die...

... ... ....
..... #..... ##
#s.....
#.§##ss.....
#H@### ###s§#
^......§☼s..#
...............
...............
.........[.....
...............
...............
...............


You could see a jorogumo, a wolf spider, a culicivora and 2 redbacks.

Vanquished Creatures
  3 krakens
  2 orc warlords (Orc:2)
  A stone giant (D:15)
  An ironbound preserver (D:14)
  Azrael (D:12)
  A minotaur (Gauntlet)
  Snorg (D:12)
  4 merfolk javelineers
  2 fire dragons
  4 merfolk impalers
  6 boulder beetles
  6 hydras
  3 centaur warriors
  A catoblepas (Lair:5)
  2 merfolk avatars
  6 two-headed ogres
  14 death yaks
  A hell hog (Volcano)
  2 merfolk aquamancers
  A satyr (Shoals:1)
  4 orc high priests (Orc:2)
  3 tengu warriors
  Urug (D:12)
  Nergalle (Lair:2)
  3 sixfirhies (Gauntlet)
  13 sea snakes
  Pikel (D:9)
  18 harpies
  3 deep elf pyromancers
  2 lindwurms (Lair:5)
  3 orc knights
  An oklob plant (Lair:2)
  3 orc sorcerers
  5 cyclopes
  22 manticores
  11 fauns
  20 ugly things
  6 elephants
  Joseph (D:9)
  6 black mambas
  3 water nymphs
  7 merfolk sirens
  2 torpor snails
  12 cane toads
  A gargoyle (D:12)
  4 komodo dragons
  5 rime drakes
  Maggie (D:6)
  An unseen horror (D:12)
  A yaktaur (D:14)
  2 tengu conjurers (D:15)
  32 merfolk
  An ice devil (Gauntlet)
  6 trolls
  2 hornets (D:8)
  6 wind drakes
  10 polar bears
  30 blink frogs
  14 snapping turtles
  6 dream sheep
  2 raiju (Lair:5)
  4 slime creatures
  2 culicivoras (Lair:2)
  5 shadows
  6 water elementals
  A wraith (D:13)
  8 wyverns
  4 fire elementals (D:12)
  4 basilisks
  5 steam dragons
  28 yaks
  7 fire bats
  11 vampire mosquitoes
  Grum (D:9)
  Menkaure (D:7)
  8 wargs
  3 acid dragons
  19 hell hounds
  15 water moccasins
  2 sky beasts
  42 orc warriors
  11 black bears (Lair:5)
  2 ice beasts
  11 ogres
  40 wolves
  8 centaurs
  A lemure (D:9)
  3 phantoms
  2 kobold brigands
  8 bullfrogs
  A necrophage (D:7)
  9 scorpions
  3 wights (D:8)
  8 killer bees
  2 electric eels
  10 howler monkeys
  2 hounds (D:6)
  A lava snake (D:9)
  35 orc priests
  4 jellies
  2 gnoll boudas
  Jessica (D:3)
  An iguana (D:5)
  19 orc wizards
  Natasha (thrice) (D:3)
  Terence (D:2)
  11 hell rats
  6 adders
  21 gnolls
  12 river rats (Lair:1)
  A shadow imp (D:7)
  8 white imps
  2 worms
  2 dart slugs (D:1)
  104 orcs
  6 ball pythons
  3 endoplasms (D:1)
  8 giant cockroaches
  13 goblins
  7 hobgoblins
  3 jackals (D:1)
  12 quokkas
  6 bats
  3 frilled lizards (D:1)
  18 kobolds
  16 rats
  3 butterflies
  7 tentacles
973 creatures vanquished.

Vanquished Creatures (others)
  An orc priest (Orc:2)
  An orc wizard (Orc:2)
  22 fungi
  119 plants
  16 tentacles
159 creatures vanquished.

Grand Total: 1132 creatures vanquished

Notes
Turn   | Place    | Note
-------+----------+-------------------------------------------
     0 | D:1      | LustLizard the Troll Fighter began the quest for the Orb.
     0 | D:1      | Reached XP level 1. HP: 22/22 MP: 0/0
   163 | D:1      | Reached XP level 2. HP: 29/29 MP: 1/1
   603 | D:1      | Reached XP level 3. HP: 36/36 MP: 2/2
   757 | D:1      | Reached skill level 3 in Unarmed Combat
   922 | D:2      | Noticed Terence
   933 | D:2      | Killed Terence
  1142 | D:2      | Reached XP level 4. HP: 28/44 MP: 3/3
  1827 | D:3      | Noticed Jessica
  1834 | D:3      | Killed Jessica
  1835 | D:3      | Reached skill level 4 in Unarmed Combat
  1835 | D:3      | Reached XP level 5. HP: 53/53 MP: 4/4
  2098 | D:3      | Found a stormy altar of Qazlal.
  2601 | D:3      | Noticed Natasha
  2607 | D:3      | Killed Natasha
  2749 | D:3      | Noticed Natasha
  2759 | D:3      | Killed Natasha
  2760 | D:3      | Reached XP level 6. HP: 23/61 MP: 5/5
  2963 | D:3      | Noticed Natasha
  2967 | D:3      | Killed Natasha
  3232 | D:4      | Reached skill level 5 in Unarmed Combat
  3375 | D:4      | Found Nicku's Jewellery Shoppe.
  3720 | D:4      | Reached XP level 7. HP: 27/68 MP: 6/6
  4055 | D:5      | Entered Level 5 of the Dungeon
  4088 | D:5      | Reached skill level 6 in Unarmed Combat
  4476 | D:5      | Reached XP level 8. HP: 79/79 MP: 7/7
  4501 | D:5      | Reached skill level 5 in Shields
  4501 | D:5      | Reached skill level 7 in Unarmed Combat
  4760 | D:5      | Found a shimmering altar of Xom.
  5016 | D:6      | Reached skill level 5 in Fighting
  5152 | D:6      | Reached skill level 8 in Unarmed Combat
  5829 | D:6      | Reached XP level 9. HP: 72/88 MP: 8/8
  5867 | D:6      | Noticed Maggie
  5895 | D:6      | Paralysed by Maggie for 2 turns
  5901 | D:6      | Killed Maggie
  6391 | D:7      | Reached skill level 9 in Unarmed Combat
  6456 | D:7      | Found a glowing silver altar of Zin.
  6494 | D:7      | Noticed Menkaure
  6503 | D:7      | Killed Menkaure
  6635 | D:7      | Identified the ring "Inwa" {rElec Dex+6}
  6647 | D:7      | Found a staircase to the Ecumenical Temple.
  6661 | Temple   | Entered the Ecumenical Temple
  6764 | Temple   | Became a worshipper of the Wu Jian Council
  7402 | D:8      | Reached skill level 10 in Unarmed Combat
  7564 | D:8      | Reached XP level 10. HP: 98/100 MP: 9/9
  7762 | D:8      | Found a snail-covered altar of Cheibriados.
  7907 | D:8      | Found a burning altar of Makhleb.
  7907 | D:8      | Found an ancient bone altar of Kikubaaqudgha.
  8049 | D:8      | Reached * piety under Wu Jian
  8330 | D:8      | Paralysed by a hornet for 3 turns
  8337 | D:8      | Paralysed by a hornet for 3 turns
  8497 | D:9      | Found a staircase to the Orcish Mines.
  8500 | D:9      | Noticed Joseph
  8519 | D:9      | Killed Joseph
  8532 | D:9      | Noticed Grum
  8912 | D:9      | Found a runed translucent door.
  8931 | D:9      | Found a runed translucent door.
  9004 | D:9      | Reached skill level 11 in Unarmed Combat
  9041 | D:9      | Reached ** piety under Wu Jian
  9153 | D:9      | Noticed Pikel
  9180 | D:9      | Killed Pikel
  9339 | D:9      | Found a glowing golden altar of the Shining One.
  9433 | D:9      | Killed Grum
  9493 | D:10     | Entered Level 10 of the Dungeon
  9549 | D:10     | Noticed a two-headed ogre
  9715 | D:10     | Reached skill level 5 in Dodging
  9929 | D:10     | Reached XP level 11. HP: 109/109 MP: 10/10
 10008 | D:10     | Found a sacrificial altar of Ru.
 10037 | D:10     | Killed a two-headed ogre
 10156 | D:10     | Noticed a deep elf pyromancer
 10163 | D:10     | Killed a deep elf pyromancer
 10413 | D:11     | Reached skill level 12 in Unarmed Combat
 10559 | D:11     | Identified the +4 dagger of the Skies Above {drain, rElec
                  | rC- Str+2 Int+3}
 10634 | D:11     | Noticed a two-headed ogre
 10650 | D:11     | Killed a two-headed ogre
 10867 | D:11     | Found Bafumen's Distillery.
 10872 | D:11     | Bought a potion of lignification for 39 gold pieces
 10872 | D:11     | Bought a potion of heal wounds for 65 gold pieces
 10872 | D:11     | Bought a potion of heal wounds for 65 gold pieces
 10872 | D:11     | Bought a potion of attraction for 39 gold pieces
 11256 | D:11     | Found a staircase to the Lair.
 11559 | D:4      | Bought a ring of poison resistance for 220 gold pieces
 11810 | Lair:1   | Entered Level 1 of the Lair of Beasts
 11851 | Lair:1   | Noticed a boulder beetle
 11862 | Lair:1   | Killed a boulder beetle
 11949 | Lair:1   | Reached *** piety under Wu Jian
 12378 | Lair:1   | Reached skill level 13 in Unarmed Combat
 12413 | Lair:1   | Reached **** piety under Wu Jian
 12620 | Lair:1   | Reached XP level 12. HP: 91/120 MP: 11/11
 13007 | Lair:2   | Reached skill level 14 in Unarmed Combat
 13007 | Lair:2   | Reached XP level 13. HP: 130/130 MP: 12/12
 13008 | Lair:2   | Reached skill level 10 in Shields
 13008 | Lair:2   | Reached XP level 14. HP: 140/140 MP: 13/13
 13061 | Lair:2   | Noticed Nergalle
 13076 | Lair:2   | Killed Nergalle
 13226 | Lair:2   | Found a hole to the Spider Nest.
 13234 | Lair:2   | Reached skill level 15 in Unarmed Combat
 13629 | Lair:2   | Found a staircase to the Shoals.
 13695 | Lair:2   | Found a radiant altar of Vehumet.
 14436 | Lair:3   | Found a gate leading to a gauntlet.
 14443 | Gauntlet | Entered a Gauntlet
 14443 | Gauntlet | Found a transporter.
 14448 | Gauntlet | Found a transporter.
 14450 | Gauntlet | Found a transporter.
 14470 | Gauntlet | Found a transporter.
 14485 | Gauntlet | Found a transporter.
 14487 | Gauntlet | Found a transporter.
 14500 | Gauntlet | Found a transporter.
 14517 | Gauntlet | Found a transporter.
 14527 | Gauntlet | Found a transporter.
 14540 | Gauntlet | Found a transporter.
 14551 | Gauntlet | Found a transporter.
 14566 | Gauntlet | Found a transporter.
 14628 | Gauntlet | Found a transporter.
 14684 | Gauntlet | Reached ***** piety under Wu Jian
 14722 | Gauntlet | Identified the +10 hand axe "Oraus" {spect, *Slow rN++
                  | Str+9}
 14740 | Gauntlet | Identified the +7 morningstar of the Ancient Towns {vorpal,
                  | rPois rC- rCorr}
 14818 | Lair:3   | Found a dark tunnel.
 14833 | Volcano  | Entered a volcano
 14986 | Volcano  | Reached skill level 10 in Fighting
 14986 | Volcano  | Reached skill level 16 in Unarmed Combat
 14986 | Volcano  | Reached XP level 15. HP: 149/149 MP: 14/14
 16553 | Lair:4   | You fall into a shaft and drop 1 floor!
 16553 | Lair:5   | Entered Level 5 of the Lair of Beasts
 16827 | Lair:5   | Reached skill level 17 in Unarmed Combat
 17038 | Lair:5   | Found a shadowy altar of Dithmenos.
 17569 | Lair:4   | Reached XP level 16. HP: 121/161 MP: 15/15
 17866 | Lair:4   | Reached ****** piety under Wu Jian
 19074 | Orc:1    | Entered Level 1 of the Orcish Mines
 19289 | Orc:2    | Entered Level 2 of the Orcish Mines
 19781 | Orc:2    | Found Rogh's Magic Scroll Emporium.
 19798 | Orc:2    | Bought a scroll of identify for 28 gold pieces
 19798 | Orc:2    | Bought a scroll of noise for 14 gold pieces
 19799 | Orc:2    | Bought a scroll of identify for 28 gold pieces
 19807 | Orc:2    | Found Fiufecus's Distillery.
 19843 | Orc:2    | Bought a potion of ambrosia for 112 gold pieces
 19843 | Orc:2    | Bought a potion of brilliance for 56 gold pieces
 19843 | Orc:2    | Bought a potion of cancellation for 112 gold pieces
 19843 | Orc:2    | Bought a potion of haste for 140 gold pieces
 20303 | Orc:2    | Found a staircase to the Elven Halls.
 20809 | Orc:2    | Found Tihuaru's Magic Scroll Shoppe.
 20849 | Orc:2    | Bought a scroll of identify for 30 gold pieces
 20849 | Orc:2    | Bought a scroll of enchant armour for 112 gold pieces
 20849 | Orc:2    | Bought a scroll of identify for 30 gold pieces
 20849 | Orc:2    | Identified a scroll of acquirement
 20851 | Orc:2    | Acquired a manual of Dodging
 21012 | Orc:2    | Found Loyn's Distillery.
 21049 | Orc:2    | Bought a potion of might for 52 gold pieces
 21049 | Orc:2    | Bought a potion of haste for 130 gold pieces
 21049 | Orc:2    | Bought a potion of resistance for 130 gold pieces
 21544 | Lair:4   | Reached skill level 18 in Unarmed Combat
 21885 | Lair:5   | Found a viscous altar of Jiyva.
 21885 | Lair:5   | Found a staircase to the Slime Pits.
 22060 | D:12     | Noticed Urug
 22064 | D:12     | Killed Urug
 22243 | D:12     | Noticed Snorg
 22252 | D:12     | Killed Snorg
 22395 | D:12     | Noticed Azrael
 22402 | D:12     | Killed Azrael
 23563 | D:13     | Found Fetru's Weapon Emporium.
 23972 | D:14     | HP: 6/165 [red ugly thing (23)]
 24069 | D:14     | Found a gate to the Vaults.
 24522 | D:14     | Reached skill level 19 in Unarmed Combat
 25146 | Lair:5   | Reached XP level 17. HP: 172/172 MP: 16/16
 25807 | Lair:5   | Acquired the ring of Olasen {+Blink rN++ MP+9 Int-5}
 26343 | D:15     | Entered Level 15 of the Dungeon
 26412 | D:15     | Found Ocomuecw's Antique Weapon Emporium.
 26579 | D:15     | Found a hazy altar of Hepliaklqana.
 26967 | D:15     | Found a staircase to the Depths.
 27974 | Shoals:1 | Entered Level 1 of the Shoals
 28353 | Shoals:1 | Reached skill level 20 in Unarmed Combat
 29221 | Shoals:1 | Noticed a kraken
 29240 | Shoals:1 | Noticed a kraken
 29250 | Shoals:1 | Killed a kraken
 29815 | Shoals:2 | Noticed XxsatanxX's ghost (adept MiBe)
 29852 | Shoals:2 | Found a runed translucent gate.
 29852 | Shoals:2 | Found a runed translucent gate.
 29865 | Shoals:2 | Found a runed translucent gate.
 30329 | Shoals:2 | Reached skill level 21 in Unarmed Combat
 31132 | Shoals:3 | Found Siasaad's Assorted Antiques.
 31523 | Shoals:3 | Reached skill level 10 in Dodging
 31874 | Shoals:3 | Reached XP level 18. HP: 101/185 MP: 17/17
 32341 | Shoals:3 | Found a runed translucent gate.
 32342 | Shoals:3 | Found a runed translucent gate.
 32343 | Shoals:3 | Found a runed translucent gate.
 32345 | Shoals:3 | Noticed Ullipcorian's ghost (adept HOFi)
 32387 | Shoals:4 | Entered Level 4 of the Shoals
 32824 | Shoals:4 | Got the Almanac of Rime and Reformation
 32832 | Shoals:4 | Learned a level 6 spell: Statue Form
 33053 | Shoals:3 | Reached skill level 1 in Earth Magic
 33135 | Shoals:4 | Reached skill level 1 in Transmutations
 33448 | Shoals:3 | Reached skill level 1 in Spellcasting
 35105 | Spider:1 | Entered Level 1 of the Spider Nest
 35112 | Spider:1 | HP: 1/175 [wolf spider[a jorogumo] (14)]
 35112 | Spider:1 | Slain by a wolf spider

Illustrated notes

Levels and vault maps discovered:
D:1:      minmay_arrival_radiant_lines, layout_basic, serial_bayou_pond_b
D:2:      layout_loops_cross, uniq_terence
D:3:      layout_basic, marbit_many_paths, uniq_jessica, uniq_natasha
D:4:      layout_loops_corners, serial_shops, shop
D:5:      layout_loops_ring, xom_butterflies, kennysheep_generic_room_2
D:6:      layout_layer_cave, dreamdust_wishing_well, uniq_maggie
D:7:      layout_basic, lemuel_crystal_altar, temple_pool_b,
          nrook_pool_corridor, uniq_menkaure
D:8:      layout_basic, general_overflow_altar, grunt_temple_overflow_open,
          st_stairs_8
D:9:      lemuel_insect_pit, layout_basic, tso_oasis_becter,
          minmay_orc_entry_temple_small, nicolae_lava_and_water, uniq_grum,
          uniq_joseph, uniq_pikel
D:10:     layout_loops_ring, nicolae_ru_great_annihilating_truth
D:11:     layout_long_grid, erik_lair_dragon, serial_shops, shop
D:12:     layout_loops_ring, uniq_urug, uniq_snorg, uniq_azrael
D:13:     layout_stronghold, serial_shops, shop
D:14:     layout_irregular_city, skrybe_vaults_entry_preservation,
          kennysheep_pointless_box
D:15:     grunt_enter_depths_snipers, layout_stronghold, serial_shops,
          nicolae_shop_waterfront, nicolae_hepliaklqana_hazy_memory
Temple:   minmay_temple_curvy_branch
Lair:1:   lemuel_ratsnest, layout_chaotic_city
Lair:2:   layout_roguey, elwin_shoals_entry_rooms,
          hellmonk_spider_entry_life_and_decay, lemuel_oklob_altar,
          uniq_nergalle
Lair:3:   dragon1_lemuel, layout_regular_city, nicolae_volcano_entry_batcave,
          gauntlet_entry_generic, chequers_serial_rivers_micro_a
Lair:4:   layout_long_grid, hangedman_lair_generics_rect, grunt_megastairs_4
Lair:5:   hangedman_lair_caniforms_friends, layout_regular_city,
          hangedman_lair_in_review, dpeg_slime_entry_enclosed, basic_altar,
          lemuel_fruit_tree
Shoals:1: cheibrodos_shoals_oceanic_diplomacy, layout_shoals,
          nicolae_shoals_arrival_archipelago
Shoals:2: layout_shoals, gammafunk_ghost_split
Shoals:3: layout_shoals, gammafunk_ghost_necromancy, serial_shops,
          shop_fountains
Shoals:4: shoals_end_hangedman, layout_shoals
Spider:1: layout_chambers
Orc:1:    layout_diamond_mine, basic_altar, mines5_lemuel
Orc:2:    pubby_orc_utopia

Skill      XL: |  1  2  3  4  5  6  7  8  9 10 11 12 13 14 15 16 17 18 |
---------------+-------------------------------------------------------+-----
Shields        | 3 4 6 7 9 10 11 13 | 13.3
Unarmed Combat | 3 4 5 6 8 10 11 13 14 16 17 19 21 | 21.3
Fighting       | 3 4 5 6 7 8 9 10 11 13 | 13.4
Dodging        | 3 5 6 7 8 9 10 | 10.3
Earth Magic    | 2 |  2.9
Transmutations | 2 |  2.3
Spellcasting   | 1 |  1.9

Action                   |  1- 3 |  4- 6 |  7- 9 | 10-12 | 13-15 | 16-18 || total
-------------------------+-------+-------+-------+-------+-------+-------++-------
Melee: Unarmed           |    89 |   137 |   302 |   472 |   512 |  1642 ||  3154
       Morningstar       |       |       |       |       |     4 |       ||     4
       Flail             |       |       |       |       |       |    31 ||    31
Throw: Stone             |     5 |       |     3 |     1 |       |       ||     9
       Dart              |       |     5 |     3 |    13 |       |    40 ||    61
       Javelin           |       |       |       |     4 |     2 |       ||     6
       Boomerang         |       |       |       |       |       |    58 ||    58
Invok: Lunge             |       |       |     4 |    35 |    34 |   147 ||   220
       Whirlwind         |       |       |       |    45 |    22 |   125 ||   192
       Heavenly Storm    |       |       |       |       |       |     1 ||     1
Evoke: Wand              |       |       |       |     3 |       |     7 ||    10
  Use: Scroll            |       |     3 |     8 |     6 |    10 |    15 ||    42
       Potion            |       |       |     2 |     2 |    11 |    11 ||    26
 Stab: Sleeping          |     1 |       |     1 |       |     1 |     2 ||     5
       Paralysed         |       |       |       |     1 |       |       ||     1
       Invisible         |       |       |       |       |     5 |     5 ||    10
Armor: Robe              |    27 |    26 |    31 |       |       |       ||    84
       Acid dragon scale |       |       |    52 |    66 |    85 |   227 ||   430
       Skin              |       |       |       |       |     9 |    23 ||    32
Dodge: Dodged            |    32 |    40 |    52 |   115 |   174 |   518 ||   931
Block: Kite shield       |    21 |    34 |   112 |   197 |   335 |  1153 ||  1852
       Reflection        |       |       |       |       |     1 |    60 ||    61
